Map: Oxide LE

Players

TriGGeR - Winner!

  • Race: Protoss Protoss

Dolan

  • Race: Terran Terran

Event: DreamHack SC2 Masters 2021 Winter

VOD

Have the link to the VOD?

Description

Time

  • Played on: Oct. 9, 2021, 4:28 p.m.
  • Length: 10:11

All games in this series

Show
View Real Time Build Order
Export as new Build Order

TriGGeR Protoss - Winner!

Build Orders: 1 Gate Expand, Blink Stalkers 

Get SALT Encoding   

  12  0:00  Probe  
  13  0:12  Probe  
  14  0:17  Pylon  
  14  0:24  Probe (Chrono Boost)  
  16  0:35  Gateway  
  16  0:36  Probe (Chrono Boost)  
  16  0:42  Probe (Chrono Boost)  
  16  0:44  Assimilator  
  17  0:51  Probe  
  18  1:03  Probe  
  19  1:15  Probe  
  20  1:24  Cybernetics Core  
  20  1:33  Nexus  
  20  1:36  Probe  
  21  1:42  Pylon  
  21  1:47  Assimilator  
  21  1:51  Probe  
  22  1:58  Adept (Chrono Boost)  
  24  2:01  Warp Gate  
  24  2:05  Probe  
  25  2:17  Probe  
  25  2:20  Sentry (Chrono Boost)  
  28  2:29  Probe  
  29  2:39  Twilight Council  
  30  2:45  Probe x2 (Chrono Boost)  
  30  2:47  Stalker  
  33  2:55  Gateway  
  33  2:56  Probe x2 (Chrono Boost)  
  35  3:03  Probe  
  36  3:06  Probe  
  37  3:13  Robotics Facility  
  37  3:15  Probe  
  37  3:18  Probe  
  39  3:23  Pylon  
  39  3:27  Probe  
  39  3:30  Probe  
  39  3:33  Blink (Chrono Boost)  
  41  3:39  Probe  
  42  3:42  Probe  
  42  3:47  Assimilator  
  43  3:51  Stalker, Probe  
  43  3:53  Stalker  
  43  3:54  Probe  
  49  4:03  Probe  
  49  4:06  Probe  
  49  4:07  Observer (Chrono Boost)  
  49  4:09  Shield Battery  
  52  4:15  Probe  
  52  4:16  Nexus  
  53  4:18  Pylon  
  53  4:21  Observer (Chrono Boost)  
  54  4:29  Pylon  
  54  4:31  Pylon  
  54  4:38  Stalker x2  
  58  4:39  Probe  
  58  4:40  Probe  
  59  4:50  Gateway  
  59  4:53  Gateway  
  59  4:54  Shield Battery  
  59  4:57  Observer  
  60  5:01  Immortal (Chrono Boost), Shield Battery  
  60  5:03  Shield Battery  
  61  5:12  Stalker x2  
  65  5:24  Shield Battery  
  65  5:30  Immortal (Chrono Boost)  
  68  5:38  Stalker x2  
  68  5:40  Assimilator  
  71  5:50  Robotics Bay  
  71  5:52  Zealot x2  
  65  6:02  Stalker x2  
  65  6:10  Probe x2  
  63  6:15  Stalker x2  
  63  6:17  Probe  
  68  6:19  Pylon  
  68  6:22  Probe  
  68  6:25  Probe  
  70  6:29  Stalker x2  
  74  6:33  Probe  
  74  6:38  Probe  
  74  6:40  Probe  
  74  6:46  Warp Prism (Chrono Boost)  
  71  6:48  Probe  
  71  6:49  Stalker x2  
  74  6:56  Charge (Chrono Boost)  
  74  7:00  Probe x2 (Chrono Boost)  
  68  7:08  Probe (Chrono Boost)  
  68  7:11  Forge  
  68  7:12  Colossus (Chrono Boost), Gateway  
  68  7:15  Gateway  
  70  7:17  Observer  
  70  7:18  Probe (Chrono Boost)  
  70  7:21  Probe (Chrono Boost)  
  77  7:23  Gateway  
  77  7:31  Probe  
  77  7:32  Probe  
  79  7:37  Gateway  
  79  7:38  Pylon  
  79  7:41  Zealot x4  
  87  7:51  Observer (Chrono Boost)  
  87  7:53  Protoss Ground Weapons Level 1 (Chrono Boost)  
  88  8:11  Observer (Chrono Boost)  
  89  8:15  Photon Cannon  
  89  8:18  Stalker x5  
  89  8:19  Probe  
  100  8:20  Probe x2  
  100  8:21  Nexus  
  102  8:27  Gravitic Boosters  
  102  8:30  Zealot x2  
  102  8:32  Observer (Chrono Boost)  
  107  8:36  Gateway  
  107  8:44  Probe x2  
  109  8:56  Photon Cannon  
  109  8:59  Pylon  
  109  9:01  Pylon x2  
  109  9:05  Pylon  
  109  9:13  Observer  
  109  9:15  Pylon  
  109  9:16  Disruptor (Chrono Boost)  
  112  9:18  Zealot x2, Gateway  
  112  9:19  Gateway  
  112  9:22  Templar Archives  
  112  9:23  Probe x2  
  112  9:24  Gateway  
  118  9:25  Photon Cannon, Probe  
  118  9:27  Observer, Zealot x6  
  131  9:35  Probe  
  131  9:40  Probe  
  131  9:42  Probe  
  131  9:43  Probe  
  134  9:46  Templar Archives  
  134  9:47  Probe  
  134  9:52  Zealot x7  
Show
View Real Time Build Order
Export as new Build Order

Dolan Terran 

Build Orders: Cyclone Opening, Mech 

Get SALT Encoding   

  12  0:00  SCV  
  13  0:12  SCV  
  14  0:22  Supply Depot  
  14  0:24  SCV  
  15  0:44  SCV  
  15  0:45  Refinery, Barracks  
  16  0:53  Refinery  
  16  0:56  SCV  
  17  1:01  Supply Depot  
  17  1:08  SCV  
  18  1:22  SCV  
  19  1:34  Reaper, Orbital Command  
  20  1:45  Factory  
  20  2:00  SCV  
  21  2:12  SCV  
  22  2:20  Command Center  
  22  2:23  Barracks Reactor  
  22  2:26  SCV  
  22  2:29  Factory Tech Lab  
  22  2:38  Starport  
  22  2:41  SCV  
  23  2:49  Cyclone  
  26  2:53  SCV  
  27  2:59  Supply Depot  
  27  3:04  Marine x2  
  29  3:07  SCV  
  30  3:19  SCV  
  31  3:26  Banshee, Factory Tech Lab  
  34  3:27  Cloaking Field  
  34  3:32  Marine x2  
  36  3:36  SCV  
  37  3:49  SCV  
  37  3:50  Siege Tank, Marine x2  
  43  3:56  Orbital Command  
  43  4:01  SCV  
  44  4:09  Banshee  
  47  4:10  Marine x2  
  47  4:15  Supply Depot  
  49  4:22  Barracks  
  49  4:27  SCV x2  
  51  4:33  Siege Tank  
  54  4:39  SCV x2  
  56  4:46  Marine x2  
  56  4:50  Supply Depot  
  56  4:52  Banshee  
  61  4:55  SCV  
  61  4:58  Supply Depot  
  62  5:12  SCV, Marine x2  
  68  5:14  Siege Tank  
  68  5:15  SCV  
  69  5:21  Supply Depot  
  69  5:24  SCV  
  70  5:35  Bunker  
  68  5:39  Banshee  
  68  5:40  SCV x2  
  73  5:44  Command Center  
  72  5:50  Bunker  
  65  5:58  Marine x2  
  65  5:59  Siege Tank  
  60  6:11  SCV x2  
  59  6:16  Marine x2  
  56  6:34  Marine x2  
  44  6:51  Marine x2  
  38  6:55  SCV  
  38  6:56  SCV  
  38  7:04  Banshee, Siege Tank  
  38  7:06  Orbital Command  
  38  7:08  SCV  
  45  7:09  Marine x2  
  45  7:10  Refinery  
  45  7:11  Refinery  
  47  7:17  Factory x2, SCV, Supply Depot  
  47  7:20  SCV  
  49  7:29  SCV, Marine x2  
  52  7:32  SCV  
  52  7:33  SCV  
  54  7:40  Siege Tank  
  54  7:43  SCV  
  58  7:44  SCV  
  58  7:45  SCV  
  58  7:48  Supply Depot  
  56  7:59  Marine x2  
  56  8:01  Banshee  
  61  8:05  Factory Tech Lab  
  61  8:11  SCV x3  
  64  8:16  Siege Tank  
  67  8:23  SCV x3  
  70  8:29  Hellion x2  
  70  8:33  Armory  
  74  8:36  SCV x3  
  74  8:39  Siege Tank  
  80  8:48  SCV x3  
  83  8:57  Starport Reactor  
  83  8:58  Siege Tank  
  83  8:59  Hellion x2  
  83  9:00  SCV x2  
  92  9:12  SCV x2  
  92  9:14  Factory, Siege Tank  
  97  9:21  Refinery  
  97  9:23  Refinery  
  97  9:24  Orbital Command  
  97  9:28  Hellion x2  
  108  9:46  SCV x2  
  108  9:51  SCV  

Tags
 
Add a new tag
Caveats
  • Supply blocks, unpowered buildings, or Contaminate may cause inaccurate times.
  • Supply counts are checked every 10 seconds.